Map: Catalyst LE

Players

PappiJoe - Winner!

  • Race: Protoss Protoss
  • Spawn Location: 5:00

Swing

  • Race: Zerg Zerg
  • Spawn Location: 11:00

Event: WCS Leipzig 2018

VOD

Have the link to the VOD?

Description

Time

  • Played on: Jan. 26, 2018, 7:25 a.m.
  • Length: 13:33

All games in this series

Show
View Real Time Build Order
Export as new Build Order

PappiJoe Protoss - Winner!

Build Orders:  

Get SALT Encoding   

  13  0:10  Pylon  
  13  0:13  Probe  
  13  0:25  Probe (Chrono Boost)  
  14  0:31  Gateway  
  14  0:40  Probe (Chrono Boost)  
  15  0:43  Assimilator  
  15  0:45  Probe (Chrono Boost)  
  16  0:55  Probe  
  17  1:02  Gateway  
  17  1:07  Probe  
  18  1:19  Probe  
  18  1:20  Cybernetics Core  
  19  1:31  Probe  
  20  1:33  Pylon  
  20  1:50  Probe  
  21  1:56  Adept (Chrono Boost)  
  21  1:57  Warp Gate  
  21  1:59  Adept (Chrono Boost)  
  25  2:16  Pylon  
  25  2:17  Adept x2 (Chrono Boost)  
  29  2:35  Pylon  
  29  2:41  Adept x2  
  33  2:54  Shield Battery  
  33  2:55  Shield Battery  
  33  2:56  Shield Battery  
  33  3:05  Gateway  
  31  3:16  Pylon  
  31  3:20  Assimilator  
  31  3:21  Probe  
  30  3:38  Stalker x2  
  34  3:42  Pylon  
  34  3:54  Probe, Robotics Facility  
  27  4:25  Probe  
  27  4:31  Pylon  
  27  4:38  Probe  
  28  4:41  Stalker x2  
  28  4:42  Immortal (Chrono Boost)  
  36  4:46  Shield Battery  
  36  4:52  Shield Battery  
  36  4:57  Pylon  
  36  5:01  Sentry  
  36  5:05  Sentry  
  40  5:13  Pylon  
  40  5:20  Pylon  
  40  5:27  Pylon  
  40  5:35  Warp Prism (Chrono Boost)  
  42  6:09  Nexus  
  42  6:12  Sentry x2  
  46  6:25  Pylon  
  47  6:32  Probe  
  47  6:36  Sentry  
  47  6:38  Stalker  
  51  6:44  Probe  
  52  6:51  Observer  
  53  6:54  Pylon  
  53  6:57  Probe  
  52  7:26  Zealot x2  
  52  7:43  Immortal  
  46  7:54  Probe x2  
  44  8:01  Gateway  
  44  8:03  Gateway x2  
  44  8:06  Probe  
  44  8:07  Adept x2  
  49  8:27  Immortal  
  53  8:34  Sentry x2  
  53  8:41  Probe x2  
  53  9:03  Sentry  
  53  9:04  Sentry  
  53  9:07  Immortal  
  55  9:14  Zealot x2  
  59  9:26  Sentry  
  55  9:43  Sentry  
  57  9:46  Zealot x2  
  61  9:58  Sentry  
  55  10:07  Adept x2  
  59  10:26  Assimilator  
  59  10:29  Immortal  
  59  10:30  Probe, Assimilator  
  59  10:35  Pylon  
  64  10:41  Adept  
  64  10:42  Adept  
  64  10:45  Sentry  
  66  10:54  Probe  
  67  11:06  Probe  
  66  11:16  Adept x4  
  72  11:22  Twilight Council  
  72  11:37  Gateway  
  72  11:39  Adept  
  74  11:40  Adept  
  74  11:43  Adept x2  
  80  11:54  Pylon  
  80  12:10  Stalker x4  
  88  12:19  Pylon  
  87  12:37  Templar Archives  
  87  12:42  Stalker x3  
  93  12:57  Stalker x2  
  85  13:27  Stalker x2  
  85  13:28  Stalker x3  
Show
View Real Time Build Order
Export as new Build Order

Swing Zerg 

Build Orders: Pool First 

Get SALT Encoding   

  12  0:01  Drone  
  13  0:13  Overlord  
  13  0:21  Drone  
  14  0:32  Drone x2  
  16  0:35  Drone  
  17  0:46  Extractor  
  16  0:50  Spawning Pool  
  16  0:51  Drone  
  17  0:57  Drone  
  17  1:16  Hatchery  
  16  1:19  Drone  
  16  1:24  Drone  
  18  1:36  Queen  
  18  1:39  Zergling x2  
  21  1:44  Drone  
  22  1:54  Roach Warren  
  22  1:58  Drone  
  22  2:11  Overlord  
  22  2:13  Overlord  
  22  2:36  Roach x3  
  28  2:40  Roach  
  30  2:46  Roach x3  
  36  2:52  Roach  
  38  3:00  Roach  
  38  3:03  Roach  
  41  3:26  Roach  
  43  3:34  Ravager  
  43  3:35  Overlord x2  
  43  3:36  Overlord x2  
  42  3:51  Zergling x4  
  42  3:52  Overlord  
  43  4:05  Zergling x6  
  45  4:10  Zergling x2  
  46  4:23  Zergling x2  
  46  4:24  Zergling x4, Roach  
  51  4:38  Ravager  
  51  4:39  Zergling x2  
  51  4:40  Zergling x6  
  51  4:45  Zergling x2  
  57  4:50  Zergling x2  
  50  5:26  Zergling x8  
  47  5:32  Overlord  
  47  5:38  Drone x2  
  47  5:40  Queen  
  51  5:44  Drone  
  51  5:45  Extractor  
  51  5:54  Drone x2  
  51  5:56  Hatchery  
  52  5:57  Drone  
  52  6:03  Drone  
  54  6:04  Drone  
  55  6:15  Lair  
  55  6:19  Zergling x2  
  55  6:24  Roach  
  58  6:28  Zergling x2  
  58  6:31  Zergling x2  
  58  6:32  Ravager  
  61  6:35  Zergling x2  
  64  6:40  Roach  
  64  6:43  Zergling x2  
  64  6:46  Zergling x2  
  66  6:49  Ravager  
  66  6:50  Zergling x2  
  68  6:59  Zergling x2  
  68  7:00  Zergling x2  
  51  7:38  Roach x2  
  51  7:39  Roach  
  51  7:40  Zergling x4  
  51  7:41  Zergling x6, Roach  
  54  7:46  Zergling x6  
  54  7:47  Roach  
  54  7:49  Zergling x4  
  57  7:55  Zergling x2  
  58  7:59  Drone x2  
  58  8:05  Metabolic Boost  
  60  8:14  Hydralisk Den  
  60  8:17  Zergling x2  
  60  8:21  Zergling x4  
  60  8:25  Roach  
  64  8:31  Roach  
  64  8:32  Zergling x2  
  67  8:37  Drone  
  68  8:44  Ravager x2  
  68  8:45  Ravager  
  64  9:05  Zergling x2  
  64  9:06  Zergling x6, Roach  
  64  9:19  Roach  
  64  9:20  Zergling x8  
  64  9:28  Zergling x4  
  66  9:34  Drone x2  
  68  9:39  Roach  
  68  9:41  Zergling x2  
  63  9:56  Zergling x10  
  63  9:57  Zergling x2  
  58  10:04  Zergling x4  
  58  10:09  Drone  
  58  10:10  Drone  
  58  10:11  Extractor  
  58  10:13  Drone  
  57  10:19  Zergling x2  
  57  10:20  Zergling x2  
  53  10:25  Drone x2  
  54  10:32  Drone x2  
  54  10:37  Drone  
  54  10:38  Drone  
  54  10:39  Drone  
  55  10:43  Drone  
  55  10:48  Drone  
  57  10:51  Drone  
  57  10:52  Drone  
  57  10:55  Drone  
  60  10:57  Drone  
  59  11:11  Drone x2  
  59  11:16  Drone x4  
  65  11:21  Hydralisk x2  
  65  11:24  Zergling x2  
  70  11:28  Hydralisk  
  72  11:34  Ravager, Zergling x4  
  72  11:36  Zergling x2  
  72  11:38  Zergling x2  
  77  11:46  Overlord  
  77  11:48  Roach  
  77  11:49  Zergling x2  
  77  11:51  Hydralisk  
  82  11:58  Overseer  
  82  11:59  Overlord  
  76  12:25  Hydralisk x2  
  76  12:26  Zergling x6  
  78  12:41  Hydralisk  
  78  12:42  Zergling x2  
  78  12:43  Zergling x4  
  83  12:57  Roach  
  83  12:58  Roach x2, Zergling x6  
Tags
 
Add a new tag
Caveats
  • Supply blocks, unpowered buildings, or Contaminate may cause inaccurate times.
  • Supply counts are checked every 10 seconds.